Map: Temple of the Past

Players

NamroodTuo

  • Race: Terran Terran

Rusty

  • Race: Zerg Zerg
  • Spawn Location: 0:00

VOD

Have the link to the VOD?

Description

Time

  • Played on: June 5, 2023, 11:50 a.m.
  • Length: 26:26
Show
View Real Time Build Order
Export as new Build Order

NamroodTuo Terran 

Build Orders:  

Get SALT Encoding   

  12  0:06  SCV  
  13  0:23  SCV  
  14  0:38  Engineering Bay  
  14  0:40  SCV  
  15  0:52  Refinery  
  15  0:57  SCV  
  16  1:08  Refinery  
  16  1:14  SCV  
  17  1:31  SCV  
  17  1:34  Engineering Bay  
  18  1:48  SCV  
  19  2:05  SCV  
  20  2:11  Outlaw Weapons Level 1  
  20  2:22  SCV  
  21  2:30  Auto-Turret  
  21  2:39  SCV  
  22  2:42  Outlaw Life and Armor Level 1  
  22  2:56  SCV  
  23  3:01  Tychus  
  23  3:12  SCV  
  24  3:21  Gunslingers Hideout  
  24  3:29  SCV  
  25  3:45  Auto-Turret  
  25  3:46  SCV  
  26  4:03  SCV  
  27  4:26  James Sirius Sykes  
  37  4:40  SCV  
  38  4:57  SCV  
  39  5:21  Command Center  
  39  5:23  SCV  
  39  5:29  Outlaw Weapons Level 2  
  40  6:05  SCV  
  41  6:21  Auto-Turret  
  41  6:22  SCV  
  42  6:39  SCV, Medivac Platform  
  43  7:40  Auto-Turret  
  43  7:48  Auto-Turret  
  43  7:54  Fixers Safehouse  
  43  8:05  Auto-Turret  
  43  8:06  Auto-Turret  
  43  8:08  Auto-Turret  
  43  9:15  Auto-Turret  
  43  9:35  Auto-Turret  
  43  9:42  Auto-Turret  
  42  9:55  SCV, Command Center  
  41  10:09  Auto-Turret  
  41  10:12  SCV  
  39  10:29  SCV  
  40  10:37  Auto-Turret  
  40  10:46  SCV  
  41  11:03  SCV  
  41  11:04  Auto-Turret  
  40  11:30  Crooked Sam  
  49  12:31  SCV, Medivac Platform  
  49  12:35  SCV  
  51  12:48  SCV  
  52  12:52  SCV  
  43  13:05  SCV  
  43  13:09  SCV  
  45  13:15  Outlaw Weapons Level 3  
  45  13:17  Outlaw Life and Armor Level 2  
  45  13:22  SCV  
  45  13:26  SCV  
  47  13:39  Fixers Safehouse, SCV  
  58  13:43  SCV  
  58  15:12  Vega  
  68  15:37  ITC-E Triggers  
  68  16:05  Lt Layna Nikara  
  78  16:14  Auto-Turret, Outlaw Life and Armor Level 3  
  78  17:07  Flashforce GDM Visor  
  78  18:37  Endurance Supplements  
  78  20:16  Medivac Platform  
  78  22:21  Psi Projector  
  78  22:22  Procyon Twin Heal Beam Gauntlet  
  78  22:23  Procyon Serum  
  76  24:12  Medivac Platform  
Show
View Real Time Build Order
Export as new Build Order

Rusty Zerg 

Build Orders:  

Get SALT Encoding   

  12  0:04  Drone  
  13  0:13  Drone  
  14  0:26  Overlord  
  14  0:36  Extractor  
  14  0:37  Drone  
  14  0:53  Drone x3  
  14  0:57  Drone  
  18  1:17  Roach Warren  
  17  1:22  Drone  
  17  1:26  Drone  
  19  1:32  Drone  
  19  1:37  Drone  
  21  1:42  Drone  
  22  1:53  Overlord  
  22  2:08  Lair  
  22  2:30  Drone x2  
  22  2:32  Drone  
  22  2:33  Drone  
  22  2:34  Drone  
  22  2:39  Extractor  
  26  2:42  Drone  
  26  2:47  Overlord  
  27  3:12  Infestation Pit  
  26  3:32  Drone  
  26  3:36  Drone  
  26  3:38  Overlord  
  26  3:39  Overlord  
  28  4:00  Swarm Host x2  
  34  4:30  Swarm Host  
  37  4:58  Swarm Host  
  33  5:20  Swarm Host  
  43  5:45  Swarm Host  
  46  6:13  Evolution Chamber  
  45  6:25  Swarm Host  
  48  7:20  Zerg Missile Weapons Level 1  
  48  7:22  Swarm Host  
  51  7:42  Swarm Host x6  
  51  7:43  Swarm Host  
  51  8:03  Swarm Host  
  51  8:04  Swarm Host x6  
  51  8:06  Drone x3  
  54  8:22  Hatchery  
  53  8:48  Swarm Host x2  
  53  8:49  Swarm Host x5  
  53  9:00  Hive  
  53  9:20  Extractor  
  53  9:23  Extractor  
  51  9:36  Drone  
  51  9:37  Drone x3  
  51  9:38  Drone x4  
  51  9:39  Drone  
  60  9:50  Spine Crawler  
  60  9:52  Spine Crawler  
  60  9:53  Swarm Host x8  
  60  9:56  Spine Crawler  
  60  9:59  Spine Crawler  
  56  10:04  Swarm Host  
  56  10:09  Overlord x2  
  59  11:18  Zerg Missile Weapons Level 2  
  59  11:22  Swarm Host x3  
  59  11:23  Swarm Host  
  59  11:24  Pressurized Glands  
  71  11:41  Swarm Host x9  
  71  11:42  Swarm Host x4  
  71  12:10  Swarm Host  
  74  12:54  Deep Tunnel  
  74  13:01  Drone x2  
  74  13:06  Overlord x2  
  76  13:33  Drone x3  
  76  13:34  Drone x5  
  76  13:36  Swarm Host x13  
  84  13:41  Drone x5  
  84  13:42  Drone x3  
  92  14:29  Spine Crawler  
  91  14:30  Spine Crawler  
  91  14:35  Spine Crawler  
  89  14:47  Swarm Host x12  
  89  14:48  Swarm Host  
  87  15:32  Drone x3  
  87  15:33  Drone x2  
  89  16:06  Drone x3  
  89  16:09  Overlord  
  92  16:10  Overlord x2  
  92  16:17  Spine Crawler  
  91  16:24  Spine Crawler  
  91  16:27  Spine Crawler x2  
  88  16:30  Spine Crawler  
  88  16:36  Spore Crawler  
  88  16:38  Spore Crawler, Swarm Host x12  
  85  16:43  Spore Crawler  
  85  16:44  Spore Crawler  
  83  17:09  Swarm Host  
  83  17:10  Swarm Host x11  
  83  17:46  Zerg Missile Weapons Level 3  
  83  17:59  Drone  
  109  18:00  Drone x4  
  84  18:02  Swarm Host x4  
  84  18:03  Swarm Host x8  
  88  18:24  Spire  
  87  18:30  Spire  
  86  18:57  Swarm Host x12  
  86  19:48  Mutalisk x4  
  86  19:49  Mutalisk x4  
  102  19:50  Mutalisk  
  102  19:53  Mutalisk x2  
  102  19:54  Mutalisk x4  
  102  19:57  Overlord x2  
  116  20:31  Vicious Glave  
  116  20:41  Rapid Regeneration  
  116  20:48  Mutalisk x2  
  116  20:58  Mutalisk x3  
  116  20:59  Mutalisk x5  
  130  21:16  Leviathan x2  
  130  21:27  Leviathan  
  130  21:41  Zerg Flyer Weapons Level 1  
  130  22:01  Sundering Glave  
  130  23:44  Greater Spire  
  121  25:03  Overlord x2  
  121  25:04  Overlord  
  121  25:09  Swarm Host  
  124  25:10  Swarm Host x2  
  124  25:13  Overlord  
  124  25:14  Overlord  
Tags
 
Add a new tag
Caveats
  • Supply blocks, unpowered buildings, or Contaminate may cause inaccurate times.
  • Supply counts are checked every 10 seconds.